 Dungeon Crawl Stone Soup version 0.22-a0-779-g6f83d72c62 (webtiles) character file.

28 Htamos the Vexing (level 3, 0/24 HPs)
             Began as a Formicid Enchanter on July 19, 2018.
             Hit by a stone thrown by a goblin (1 damage)
             ... on level 1 of the Dungeon.
             The game lasted 00:02:49 (842 turns).

Htamos the Vexing (Formicid Enchanter)               Turns: 842, Time: 00:02:49

Health: 0/24       AC:  2    Str: 13    XL:     3   Next: 27%
Magic:  4/6        EV: 12    Int: 14    God:
Gold:   40         SH:  0    Dex: 11    Spells: 5/6 levels left

rFire    . . .     SeeInvis +   a - +1 dagger
rCold    . . .     Gourm    .   (no shield)
rNeg     . . .     Faith    .   b - +0 robe
rPois    .         Spirit   .   (helmet unavailable)
rElec    .         Reflect  .   (no cloak)
rCorr    .         Harm     .   (no gloves)
MR       .....                  (no boots)
Stlth    ++........             (no amulet)
HPRegen  0.08/turn              (no ring)
MPRegen  0.10/turn              (no ring)

@: no status effects
A: permanent stasis, dig shafts and tunnels, four strong arms, antennae 3
a: Dig, Shaft Self


You were on level 1 of the Dungeon.
You were not hungry.

You visited 1 branch of the dungeon, and saw 1 of its levels.

You collected 40 gold pieces.

Inventory:

Hand Weapons
 a - a +1 dagger (weapon)
 c - a cursed -3 short sword
Missiles
 e - 16 sling bullets
Armour
 b - a +0 robe (worn)
Jewellery
 j - an uncursed ring of resist corrosion {unknown}
Scrolls
 f - a scroll of enchant armour {unknown}
 i - a scroll of random uselessness {unknown}
Comestibles
 d - 3 rations
 g - a chunk of flesh


   Skills:
 + Level 1.3 Short Blades
 + Level 0.5 Armour
 - Level 1.9 Dodging
 + Level 4.0 Stealth
 + Level 2.4 Spellcasting
 * Level 4.1 Hexes


You had 5 spell levels left.
You knew the following spells:

 Your Spells              Type           Power        Failure   Level  Hunger
a - Corona                Hex            ##.....      4%          1    #......

Your spell library contained the following spells:

 Spells                   Type           Power        Failure   Level  Hunger
 Confuse                  Hex            ##......     12%         3    ###....
 Tukima's Dance           Hex            ##......     12%         3    ###....
 Ensorcelled Hibernation  Hex/Ice        #.....       14%         2    ###....
 Dazzling Spray           Conj/Hex       #.....       28%         3    ###....


Dungeon Overview and Level Annotations

Branches:
Dungeon (1/15)

Altars:


Innate Abilities, Weirdness & Mutations

You cannot be hasted, slowed, berserked, paralysed or teleported.
You can dig through walls and to a lower floor.
Your four strong arms can wield two-handed weapons with a shield.
You have a pair of large antennae on your head. (SInv)


Message History

You kill the jackal!
Casting: Corona (safe; 4% risk of failure)
Confirm with . or Enter, or press ? or * to list all spells.
Aiming: Corona (safe; 4% risk of failure)
Press: ? - help, Shift-Dir - straight line, f - jackal
Aim: a jackal (chance to defeat MR: 67%)
The jackal is outlined in light.
The jackal barely misses you. The jackal bites you.
* * * LOW HITPOINT WARNING * * *
You hit the jackal but do no damage. The jackal completely misses you.
You hit the jackal.
The jackal is moderately wounded.
The jackal barely misses you. x2
You hit the jackal.
The jackal is almost dead.
The jackal barely misses you.
You hit the jackal.
You kill the jackal!
The goblin throws a stone.
The stone hits you.
You die...

.... ... #.. ###.. {
#..h# #.#g# ## #.#†#
.## #.#@# ..# #.#.#
..# #.#.# ..# #...#
### ...###.### #####
... ..........# #...#
..#
...........######...#
..#
................#...#
..#
...........####.....#


You could see a jackal and a goblin.

Vanquished Creatures
  A dart slug (D:1)
  A bat (D:1)
  A giant cockroach (D:1)
  4 goblins (D:1)
  4 hobgoblins (D:1)
  3 jackals (D:1)
  A frilled lizard (D:1)
  3 kobolds (D:1)
  4 rats (D:1)
22 creatures vanquished.

Notes
Turn   | Place    | Note
-------+----------+-------------------------------------------
     0 | D:1      | Htamos the Formicid Enchanter began the quest for the Orb.
     0 | D:1      | Reached XP level 1. HP: 13/13 MP: 3/3
    69 | D:1      | Reached XP level 2. HP: 15/19 MP: 5/5
   686 | D:1      | Reached XP level 3. HP: 19/24 MP: 6/6
   838 | D:1      | HP: 1/24 [jackal (2)]
   842 | D:1      | Hit by a stone thrown by a goblin

Vault maps used:
D:1:      giann_wishing_wells, serial_bayou_ford_a

Skill      XL: |  1  2  3 |
---------------+----------+-----
Hexes          | 4 |  4.1
Stealth        | 4 |  4.0
Short Blades   | |  1.3
Armour         | |  0.5
Dodging        | |  1.9
Spellcasting   | |  2.4

Action                   || total
-------------------------++-------
Melee: Dagger            ||    89
 Cast: Corona            ||     6
  Use: Potion            ||     1
 Stab: Distracted        ||     1
       Sleeping          ||     1
Armor: Robe              ||     7
Dodge: Dodged            ||    45

Table legend:
 A = Spawn XP
 B = Non-spawn XP
 C = Spawn XP percentage of total XP
 D = Spawn monster count
 E = Non-spawn monster count
 F = Spawn count percentage of total count
 G = Total turns spent on level
                    A         B        C        D         E        F      G
               +---------+---------+-------+---------+---------+-------+---------
         Total |       0 |      40 |   0.0 |       0 |      22 |   0.0 |   842
               +---------+---------+-------+---------+---------+-------+---------
           D:1 |       0 |      40 |   0.0 |       0 |      22 |   0.0 |   842
               +---------+---------+-------+---------+---------+-------+---------
